 Dungeon Crawl Stone Soup version 0.30.1-9-gdf580d7c3d (webtiles) character file.

Game seed: 5610519690257451538

1306 Wiggles the Cudgeller (level 8, -7/70 HPs)
             Began as a Minotaur Berserker on Oct 2, 2023.
             Was a Priest of Trog.
             Mangled by Pikel
             ... wielding a +1 whip of flaming
              (9 damage)
             ... on level 6 of the Dungeon.
             The game lasted 00:07:10 (5012 turns).

Wiggles the Cudgeller (Minotaur Berserker)          Turns: 5012, Time: 00:07:11

Health: -7/70      AC: 24    Str: 25    XL:     8   Next: 32%
Magic:  7/7        EV:  8    Int:  4    God:    Trog [***...]
Gold:   261        SH:  0    Dex:  9    Spells: 7/7 levels left

rFire   . . .        e - +1 great mace (heavy)
rCold   . . .        (shield currently unavailable)
rNeg    . . .        z - +0 plate armour
rPois   .            (helmet restricted)
rElec   .            l - +1 cloak
rCorr   .            (no gloves)
SInv    .            a - +0 pair of boots
Will    .....        (no amulet) Stlth
                     s - +4 ring of protection
HPRegen 0.31/turn    B - +4 ring of protection
MPRegen 0.10/turn

%: no passive effects
@: on berserk cooldown, slowed, very slow
A: horns 2, retaliatory headbutt
a: Renounce Religion, Berserk, Trog's Hand


You were on level 6 of the Dungeon.
You worshipped Trog.
Trog was most pleased with you.
You visited 1 branch of the dungeon, and saw 6 of its levels.

You collected 261 gold pieces.

Inventory:

Hand Weapons
 e - a +1 heavy great mace (weapon)
Missiles
 x - a throwing net (quivered)
Armour
 a - a +0 pair of boots (worn)
 l - a +1 cloak (worn)
 z - a +0 plate armour (worn)
Jewellery
 s - a +4 ring of protection (left hand)
 A - a ring of see invisible
 B - a +4 ring of protection (right hand)
Scrolls
 b - 3 scrolls of magic mapping {unknown}
 c - 7 scrolls of identify {unknown}
 f - 2 scrolls of immolation {unknown}
 j - 2 scrolls of enchant armour {unknown}
 m - a scroll of amnesia {unknown}
 q - a scroll of teleportation {unknown}
 u - a scroll of poison {unknown}
 y - 2 scrolls of blinking {unknown}
Potions
 d - a potion of flight {unknown}
 g - 3 potions of attraction {unknown}
 h - a potion of magic {unknown}
 i - a potion of invisibility {unknown}
 k - 2 potions of curing {unknown}
 n - 3 potions of might {unknown}
 o - a potion of berserk rage {unknown}
 p - 2 potions of degeneration {unknown}
 r - a potion of ambrosia {unknown}
 t - 2 potions of lignification {unknown}
 v - a potion of heal wounds {unknown}
 w - 3 potions of mutation {unknown}


   Skills:
 + Level 5.9 Fighting
 + Level 4.4(6.7) Axes
 + Level 7.9(8.4) Maces & Flails
 + Level 6.3 Armour
 + Level 4.0 Dodging
 + Level 1.1 Stealth


You had 7 spell levels left.
You didn't know any spells.
Your spell library was empty.

Dungeon Overview and Level Annotations

Branches:
Dungeon (6/15)             Temple (0/1) D:6

Altars:
Gozag
Ru
Trog
Wu Jian
Xom

Annotations:
D:6 Pikel


Innate Abilities, Weirdness & Mutations

You have a pair of horns on your head.
You reflexively headbutt those who attack you in melee.


Message History

The kobold brigand hits you but does no damage.
You bludgeon the kobold brigand!!
You kill the kobold brigand!
Trog accepts your kill. Menkaure hits you!
* * * LOW HITPOINT WARNING * * *
A lemure comes into view.
Pikel, Merchant of Souls comes into view.
He is wielding a +1 whip of flaming.
The lemure shouts!
You hammer Menkaure like a gong!!!
You destroy Menkaure!
Trog accepts your kill.
Trog appreciates your killing of a magic user.
You bludgeon the kobold!!
You kill the kobold!
Trog accepts your kill.
You closely miss the lemure. You headbutt the lemure.
The lemure is lightly wounded.
The lemure hits you.
* * * LOW HITPOINT WARNING * * *
You closely miss the lemure.
The lemure is lightly wounded.
The lemure hits you.
* * * LOW HITPOINT WARNING * * *
The lemure closely misses you. You furiously retaliate!
You headbutt the lemure!
A lemure comes into view. x2
Pikel closely misses you.
You barely miss the lemure. Your headbutt misses the lemure.
The lemure is heavily wounded.
The lemure hits you but does no damage. Pikel hits you but does no damage.
You crush the lemure like a grape!!!
You kill the lemure!
That felt strangely unrewarding.
You are no longer berserk.
You are exhausted.
You feel yourself slow down. Pikel hits you but does no damage.
You barely miss the kobold. Your headbutt misses the kobold.
Pikel hits you with a +1 whip of flaming!
You die...

..... ##### .......
#...# ........# #...###
........####[....#
........##.#....##
.................##.#
#...........##.@K.5#
.#..........###.K##....#
.................# ..#
.................5 .
.................5.
...#.<........#.....
....................#
..............#......
.....#.8.#....#..


You could see Pikel, 3 lemures and a kobold.

Vanquished Creatures
  Menkaure (D:6)
  3 black bears
  A lemure (D:6)
  A kobold brigand (D:6)
  3 scorpions
  A killer bee (D:5)
  A jelly (D:5)
  3 orc priests
  5 hounds
  Crazy Yiuf (D:2)
  7 iguanas
  5 adders
  5 worms
  A dart slug (D:3)
  17 orcs
  9 ball pythons
  9 bats
  7 endoplasms
  4 giant cockroaches
  10 goblins
  11 hobgoblins
  3 jackals (D:2)
  A quokka (D:3)
  4 frilled lizards
  17 kobolds
  4 rats
134 creatures vanquished.

Notes
Turn   | Place    | Note
-------+----------+-------------------------------------------
     0 | D:1      | Wiggles the Minotaur Berserker began the quest for the Orb.
     0 | D:1      | Reached XP level 1. HP: 19/19 MP: 0/0
    98 | D:1      | Reached XP level 2. HP: 17/27 MP: 1/1
   525 | D:1      | Reached XP level 3. HP: 33/33 MP: 2/2
  1107 | D:2      | Found a runed translucent door.
  1108 | D:2      | Noticed Crazy Yiuf
  1114 | D:2      | Killed Crazy Yiuf
  1115 | D:2      | Reached skill level 1 in Maces & Flails
  1232 | D:2      | Reached ** piety under Trog
  1239 | D:2      | Reached XP level 4. HP: 40/41 MP: 3/3
  1568 | D:2      | Found a faded altar of an unknown god.
  2041 | D:3      | Reached skill level 2 in Maces & Flails
  2282 | D:3      | Reached XP level 5. HP: 17/47 MP: 4/4
  2845 | D:3      | Reached skill level 3 in Maces & Flails
  3273 | D:4      | Noticed a black bear
  3274 | D:4      | Noticed a black bear
  3277 | D:4      | Killed a black bear
  3278 | D:4      | Reached skill level 4 in Maces & Flails
  3278 | D:4      | Reached XP level 6. HP: 55/55 MP: 5/5
  3284 | D:4      | Reached skill level 5 in Fighting
  3284 | D:4      | Reached skill level 5 in Maces & Flails
  3287 | D:4      | Reached *** piety under Trog
  3533 | D:4      | Found a bloodstained altar of Trog.
  3824 | D:4      | Reached XP level 7. HP: 61/61 MP: 6/6
  3840 | D:4      | Reached skill level 5 in Armour
  4036 | D:5      | Entered Level 5 of the Dungeon
  4216 | D:5      | Found a sacrificial altar of Ru.
  4271 | D:5      | Reached skill level 6 in Maces & Flails
  4626 | D:5      | Found an ornate altar of the Wu Jian Council.
  4630 | D:5      | Found a shimmering altar of Xom.
  4647 | D:5      | Found an opulent altar of Gozag.
  4743 | D:5      | Reached skill level 7 in Maces & Flails
  4743 | D:5      | Reached XP level 8. HP: 62/69 MP: 7/7
  4745 | D:5      | Reached skill level 1 in Stealth
  4984 | D:6      | Found a staircase to the Ecumenical Temple.
  4998 | D:6      | Noticed Menkaure
  5005 | D:6      | HP: 5/105 [Menkaure (15)]
  5005 | D:6      | Noticed Pikel
  5006 | D:6      | Killed Menkaure
  5009 | D:6      | HP: 2/105 [lemure[Pikel] (4)]
  5012 | D:6      | Mangled by Pikel

Illustrated notes

Levels and vault maps discovered:
D:1:      dpeg_arrival_fog, layout_basic, kennysheep_crisscross
D:2:      minmay_door_path, layout_basic, ebering_ecumenical_altar_petrified,
          minmay_box_of_dots, uniq_crazy_yiuf_cottage
D:3:      layout_loops_corners
D:4:      layout_cave_pods, trog_ov_bears_minmay
D:5:      layout_loops_ring, hangedman_ru_absence,
          minmay_overflow_temple_star_quad, wad_rectangle_vault
D:6:      minmay_clustersquares, layout_cave_pools,
          minmay_temple_entry_statues_pillars, uniq_menkaure, uniq_pikel

Skill      XL: |  1  2  3  4  5  6  7  8 |
---------------+-------------------------+-----
Axes           | 4 |  4.4
Fighting       | 4 5 |  5.9
Maces & Flails | 1 2 4 5 7 |  7.9
Armour         | 3 4 5 6 |  6.3
Dodging        | 3 4 |  4.0
Stealth        | 1 |  1.1

Action                     |  1- 3 |  4- 6 |  7- 9 || total
---------------------------+-------+-------+-------++-------
  Melee: Hand axe          |    24 |       |       ||    24
         Headbutt          |     7 |    11 |     9 ||    27
         Great mace        |    24 |   117 |    60 ||   201
 Invoke: Berserk           |     2 |     3 |     1 ||     6
 Armour: Ring mail         |    14 |       |       ||    14
         Scale mail        |    18 |   165 |     1 ||   184
         Plate armour      |       |       |    74 ||    74
  Dodge: Dodged            |    44 |   175 |    40 ||   259
